 Dungeon Crawl Stone Soup version 0.31-a0-1072-g202bf7ea07 (webtiles) character file.

Game seed: 16940057591345722665

25 Azuregosa the Sneak (level 3, -2/26 HPs)
             Began as an Octopode Delver on Nov 26, 2023.
             Slain by an adder (4 damage)
             ... on level 4 of the Dungeon.
             The game lasted 00:00:55 (110 turns).

Azuregosa the Sneak (Octopode Delver)                Turns: 110, Time: 00:00:55

Health: -2/26      AC:  1    Str: 11    XL:     3   Next: 4%
Magic:  3/3        EV: 13    Int: 14    God:
Gold:   0          SH:  0    Dex: 13    Spells: 2/2 levels left

rFire   . . .        a - +0 falchion
rCold   . . .        (no shield)
rNeg    . . .        (helmet restricted)
rPois   .            (no amulet)
rElec   .            (no ring)
rCorr   .            (no ring)
SInv    .            (no ring)
Will    .....        (no ring)
Stlth   +++++        (no ring)
HPRegen 0.24/turn    (no ring)
MPRegen 0.08/turn    (no ring)
                     (no ring)

%: no passive effects
@: no status effects
A: almost no armour, amphibious, 8 rings, camouflage 1, gelatinous body 1,
(nimble swimmer 1), tentacles
a: no special abilities


You were on level 4 of the Dungeon.
You visited 1 branch of the dungeon, and saw 2 of its levels.

Inventory:

Hand Weapons
 a - a +0 falchion (weapon)
Wands
 f - a wand of digging (3)
Scrolls
 b - a scroll of fog
Potions
 e - a potion of haste


   Skills:
 - Level 3.0 Fighting
 - Level 2.0 Long Blades
 - Level 2.0 Dodging
 + Level 7.8 Stealth


You had 2 spell levels left.
You didn't know any spells.
Your spell library was empty.

Dungeon Overview and Level Annotations

Branches:
Dungeon (5/15)
 Temple: D:4-7

Altars:


Innate Abilities, Weirdness & Mutations

You cannot wear most types of armour.
You are amphibious.
You can wear up to eight rings at the same time.
Your skin changes colour to match your surroundings (Stealth+).
Your rubbery body absorbs attacks. (AC +1, EV +1)
((You are camouflaged when in or above water. (Stealth+)))
You have tentacles for arms and can constrict up to eight enemies at once.


Message History

You have reached level 3!
Your experience leads to an increase in your attributes!
Increase (S)trength, (I)ntelligence, or (D)exterity?
You feel clever. x2
You start resting.
HP restored.
There is a stone staircase leading up here.
You climb upwards.
The iguana hisses angrily.
Found 3 scrolls labelled KYXIDGH VUEKE and a knobbly glowing staff.
There is a stone staircase leading down here.
The iguana bites you!
Ouch! That really hurt!
You climb downwards.
There is a stone staircase leading up here.
You closely miss the iguana. Your grab misses the iguana. The iguana bites you.
* * * LOW HITPOINT WARNING * * *
You closely miss the iguana. Your grab misses the iguana.
The iguana barely misses you.
You slash the iguana! You grab the iguana.
You squeeze the iguana, but do no damage.
The iguana is heavily wounded.
You constrict the iguana, but do no damage.
The iguana bites you.
* * * LOW HITPOINT WARNING * * *
As you read the scroll of fear, it crumbles to dust.
You assume a fearsome visage.
The iguana looks frightened!
You constrict the iguana, but do no damage.
The iguana struggles to escape constriction.
You release your grip on the iguana.
You climb upwards.
There is a stone staircase leading down here.
A wyvern comes into view.
The adder hisses angrily.
You barely miss the adder. You grab the adder. You squeeze the adder!
The adder is severely wounded.
You constrict the adder. The adder bites you.
* * * LOW HITPOINT WARNING * * *
The adder bites you.
You die...

## .# .#
#####.#####
#..........
#......?...
l.#######..........
........@S.>.......
#.########....#.#.#
.....#.... ##....#
..|. .....# ...
####..# .. ...# .
....


You could see an adder.

Vanquished Creatures
  An iguana (D:5)
1 creature vanquished.

Notes
Turn   | Place    | Note
-------+----------+-------------------------------------------
     0 | D:5      | Azuregosa the Octopode Delver began the quest for the Orb.
     0 | D:5      | Reached XP level 1. HP: 16/16 MP: 1/1
     3 | D:5      | Noticed an iguana
    13 | D:5      | Killed an iguana
    14 | D:5      | Reached skill level 7 in Stealth
    14 | D:5      | Reached XP level 2. HP: 7/21 MP: 2/2
    14 | D:5      | Reached XP level 3. HP: 8/26 MP: 3/3
    94 | D:5      | HP: 1/26 [iguana (6)]
   101 | D:4      | Noticed a wyvern
   110 | D:4      | Slain by an adder

Illustrated notes

Levels and vault maps discovered:
D:4:      layout_basic, nicolae_overflow_hallway_of_the_gods, serial_shops, shop
D:5:      gammafunk_cloud_chamber, layout_layer_cave, old_standard_altar,
          serial_bayou_lagoon_a, minmay_misc_feat_plants

Skill      XL: |  1 |
---------------+----+-----
Stealth        | 7 |  7.8
Fighting       | |  3.0
Long Blades    | |  2.0
Dodging        | |  2.0

Action                     || total
---------------------------++-------
  Melee: Falchion          ||    11
         Tentacles         ||     4
         Constrict         ||     3
    Use: Scroll            ||     2
 Armour: Skin              ||     6
  Dodge: Dodged            ||     7

Table legend: (Time is in decaauts)
 A = Elapsed time spent in this place.
 B = Non-inter-level travel time spent in this place.
 C = Inter-level travel time spent in this place.
 D = Time resting spent in this place.
 E = Time spent auto-exploring this place.
 F = Levels seen in this place.
 G = Mean time per level.
                   A        B        C        D        E       F      G
               +--------+--------+--------+--------+--------+-----+--------+
         Total |    112 |    112 |      0 |     72 |      0 |   2 |   56.0 |
       Dungeon |    112 |    112 |      0 |     72 |      0 |   2 |   56.0 |
               +--------+--------+--------+--------+--------+-----+--------+

Top non-repeatable levels by time:
     D:5: 97 daAuts
     D:4: 15 daAuts
